 Dungeon Crawl Stone Soup version 0.31-a0-876-gfe8ebadbca (webtiles) character file.

Game seed: 6462534778234268446

14207 inmateoo the Geomancer (level 11, 0/77 HPs)
             Began as a Green Draconian Conjurer on Oct 13, 2023.
             Was an Elder of Hepliaklqana.
             Slain by a very large slime creature (35 damage)
             ... on level 11 of the Dungeon.
             The game lasted 00:29:57 (11603 turns).

inmateoo the Geomancer (Green Draconian Conjurer)  Turns: 11603, Time: 00:29:57

Health: 0/77       AC: 12    Str: 15    XL:     11   Next: 85%
Magic:  12/22      EV: 14    Int: 22    God:    Hepliaklqana [****..]
Gold:   570        SH:  0    Dex: 11    Spells: 5/24 levels left

rFire   . . .        c - staff of earth
rCold   + . .        (no shield)
rNeg    . . .        (body armour unavailable)
rPois   +            (helmet restricted)
rElec   .            A - +2 cloak {rPois}
rCorr   .            r - +0 pair of gloves
SInv    .            k - +0 pair of boots
Will    .....        (no amulet)
Stlth   ++           i - ring of protection from cold
HPRegen 0.32/turn    u - +6 ring of strength
MPRegen 0.18/turn

%: no passive effects
@: no status effects
A: reduced essence, breathe noxious fumes, AC +7, unfitting armour, poison
resistance, cold-blooded
a: Breathe Noxious Fumes, Renounce Religion, Recall Ancestor, Ancestor Identity,
Transference, Idealise


You were on level 11 of the Dungeon.
You worshipped Hepliaklqana.
Hepliaklqana was greatly pleased with you.
You visited 1 branch of the dungeon, and saw 12 of its levels.

You collected 629 gold pieces.
You spent 59 gold pieces at shops.

Inventory:

Hand Weapons
 b - a +1 club
 s - a +5 trident
Missiles
 j - 2 throwing nets
Armour
 k - a +0 pair of boots (worn)
 r - a +0 pair of gloves (worn)
 A - a +2 cloak of poison resistance (worn)
Magical Staves
 c - a staff of earth (weapon)
Jewellery
 i - a ring of protection from cold (left hand)
 u - a +6 ring of strength (right hand)
 x - a ring of fire
 z - a ring of protection from cold
Wands
 g - a wand of flame (33)
 t - a wand of paralysis (12)
 y - a wand of mindburst (11)
 C - a wand of acid (6)
Scrolls
 l - a scroll of amnesia
 m - a scroll of poison
 o - a scroll of fog
 p - 2 scrolls of identify
 B - a scroll of blinking
 D - a scroll of fear
 F - a scroll of teleportation
Potions
 a - 2 potions of magic
 d - 2 potions of haste
 e - 2 potions of attraction
 f - 3 potions of brilliance
 h - a potion of heal wounds
 n - 2 potions of lignification
 q - 4 potions of might
 v - a potion of resistance
 w - 3 potions of curing
 E - a potion of mutation {unknown}


   Skills:
 - Level 5.0 Fighting
 - Level 7.0 Dodging
 - Level 4.0 Stealth
 + Level 7.4 Spellcasting
 - Level 8.0 Conjurations
 + Level 4.0 Necromancy
 - Level 10.0 Earth Magic
 - Level 6.0 Poison Magic
 + Level 4.6 Invocations
 - Level 4.0 Evocations


You had 5 spell levels left.
You knew the following spells:

 Your Spells              Type           Power      Damage    Failure   Level
a - Sandblast             Erth           100%       2d20      1%          1
b - Searing Ray           Conj           86%        2d7       1%          2
c - Brom's Barrelling Bo  Conj/Erth      64%        2d8       1%          4
d - Stone Arrow           Conj/Erth      100%       3d13      1%          3
e - Olgreb's Toxic Radia  Pois           34%        N/A       7%          4
f - Borgnjor's Vile Clut  Necr/Erth      28%        N/A       12%         5

Your spell library contained the following spells:

 Spells                   Type           Power      Damage    Failure   Level
 Kiss of Death            Conj/Necr      100%       2d13      1%          1
 Magic Dart               Conj           100%       1d8       1%          1
 Passwall                 Tmut/Erth      37%        N/A       1%          2
 Sublimation of Blood     Necr           26%        N/A       2%          2
 Dazzling Flash           Conj/Hex       50%        N/A       4%          3
 Wereblood                Tmut           8%         N/A       12%         2
 Animate Dead             Necr           26%        N/A       14%         4
 Dispel Undead            Necr           26%        3d13      14%         4
 Fulminant Prism          Conj/Hex       12%        3d9       16%         4
 Iskenderun's Mystic Bla  Conj/Tloc      25%        2d7       16%         4
 Confusing Touch          Hex            8%         N/A       24%         3
 Death Channel            Necr           13%        N/A       92%         6
 Summon Hydra             Summ           4%         N/A       100%        7
 Discord                  Hex            4%         N/A       100%        8
 Ignition                 Fire           4%         3d4       100%        8


Dungeon Overview and Level Annotations

Branches:
Dungeon (12/15)            Temple (0/1) D:7            Lair (0/5) D:10
    Orc (0/2) D:11

Altars:
Ashenzari
Cheibriados
Elyvilon
Hepliaklqana
Qazlal
Ru
Vehumet
Wu Jian
Xom

Shops:
D:9 **(!?

Annotations:
D:4 1 runed translucent door, AppleFox63's ghost, amateur GnGl
D:5 Edmund


Innate Abilities, Weirdness & Mutations

Your life essence is reduced to manifest your ancestor. (-10% HP)
You can breathe blasts of noxious fumes.
Your lurid green scales are hard. (AC +7)
You cannot fit into any form of body armour.
Your system is resistant to poisons. (rPois)
You are cold-blooded and may be slowed by cold attacks.


Message History

Confirm with . or Enter, or press ? or * to list all spells.
Aiming: Brom's Barrelling Boulder (dangerous; 1% risk of failure)
Press: ? - help, Dir - move target, f/p - very large slime creature
Aim: a very large slime creature (100% to hit)
You feel a surge of power!
You send a boulder barrelling forward!
Your boulder slams into a wall and explodes!
The rocky shrapnel hits the very large slime creature!
The very large slime creature is lightly wounded.
You hear a roar!
You hear a shout!
You hear two shouts!
Casting: Brom's Barrelling Boulder (dangerous; 1% risk of failure)
Confirm with . or Enter, or press ? or * to list all spells.
Aiming: Brom's Barrelling Boulder (dangerous; 1% risk of failure)
Press: ? - help, Dir - move target, f/p - very large slime creature
Aim: a very large slime creature (lightly wounded, 100% to hit)
You feel a surge of power!
You send a boulder barrelling forward!
The very large slime creature hits your boulder!!!
Your boulder is destroyed!
A troll comes into view.
Your magical contamination has completely faded away.
The troll bites you but does no damage.
The troll claws you but does no damage. x2
The troll bites you. The troll misses you. The troll barely misses you.
The very large slime creature attacks as it pursues you!
The very large slime creature hits you!!
There is a stone staircase leading up, spattered with blood here.
The very large slime creature hits you! The troll barely misses you.
The troll misses you. The troll barely misses you.
You climb upwards.
There is a stone staircase leading down here.
The very large slime creature jiggles.
The very large slime creature attacks as it pursues you!
The very large slime creature closely misses you.
A very large slime creature splits.
The large slime creature attacks as it pursues you!
The large slime creature barely misses you.
The slime creature hits you but does no damage.
The slime creature attacks as it pursues you!
The slime creature hits you!
Two slime creatures merge to form a very large slime creature.
The very large slime creature hits you!!
You die...

#...........................
#...........................
#...........................
#...............############
#...........................
#...........................
#...........................
#...........................
#.........J@................
######....#######.#........#
#.......T.#.......#.........
#.........#.......#.........
#.........#.......#.........
#.........#.......#.........
#.....##..#...#####..#######
#.............#..........#..
#.............#..........#..


You could see a very large slime creature and a troll.

Vanquished Creatures
  2 boulder beetles (D:11)
  2 two-headed ogres
  Pikel (D:6)
  Maurice (D:11)
  Maggie (D:10)
  2 komodo dragons
  8 yaks
  Grum (D:9)
  2 vampire mosquitoes (D:12)
  2 water moccasins
  5 orc warriors
  2 ice beasts
  5 black bears
  2 sky beasts
  An ogre (D:4)
  2 centaurs
  2 phantoms
  A kobold brigand (D:7)
  Blork the orc (D:6)
  3 bullfrogs
  2 scorpions
  18 wights
  8 killer bees (D:9)
  A howler monkey (D:8)
  A hound (D:7)
  4 orc priests
  A jelly (D:6)
  A gnoll bouda (D:6)
  4 iguanas
  6 orc wizards
  9 gnolls
  5 adders
  3 white imps (D:7)
  An ufetubus (D:4)
  A worm (D:2)
  3 dart slugs (D:1)
  25 orcs
  5 ball pythons
  8 endoplasms
  4 giant cockroaches
  9 goblins
  9 hobgoblins
  12 kobolds
  2 quokkas
  6 bats
  2 frilled lizards (D:3)
  4 rats
200 creatures vanquished.

Vanquished Creatures (collateral kills)
  2 two-headed ogres
  An ugly thing (D:11)
  A manticore (D:12)
  A gargoyle (D:11)
  3 shadows
  A wyvern (D:11)
  4 yaks
  A vampire mosquito (D:12)
  An acid dragon (D:9)
  2 wolves (D:9)
  5 centaurs
  A bullfrog (D:9)
  A gnoll sergeant (D:9)
  A howler monkey (D:9)
  2 orc priests
  An iguana (D:7)
  An orc wizard (D:11)
  A gnoll (D:9)
  An orc (D:11)
  16 boulders
47 creatures vanquished.

Vanquished Creatures (others)
  4 knights
  4 ancestors
  17 boulders
25 creatures vanquished.

Grand Total: 272 creatures vanquished

Notes
Turn   | Place    | Note
-------+----------+-------------------------------------------
     0 | D:1      | inmateoo the Draconian Conjurer began the quest for the
                  | Orb.
     0 | D:1      | Reached XP level 1. HP: 14/14 MP: 3/3
   152 | D:1      | Reached XP level 2. HP: 20/20 MP: 0/5
   463 | D:1      | Learned a level 2 spell: Searing Ray
   731 | D:1      | Reached XP level 3. HP: 26/26 MP: 0/6
  1306 | D:2      | Learned a level 1 spell: Sandblast
  1535 | D:2      | Identified the +1 leather armour of Dramatic Exits {Fly
                  | rElec rF- rCorr}
  2173 | D:3      | Found a sacrificial altar of Ru.
  2684 | D:4      | Noticed a phantom
  2724 | D:4      | Killed a phantom
  2725 | D:4      | Reached skill level 1 in Earth Magic
  2725 | D:4      | Reached XP level 4. HP: 20/33 MP: 1/8
  2725 | D:4      | Reached XP level 5. HP: 24/38 MP: 1/9
  2921 | D:4      | Found a runed translucent door.
  2924 | D:4      | Noticed AppleFox63's ghost (amateur GnGl)
  3388 | D:4      | Noticed an ogre
  3399 | D:4      | Killed an ogre
  3400 | D:4      | Reached skill level 2 in Earth Magic
  3400 | D:4      | Reached XP level 6. HP: 11/45 MP: 2/10
  3540 | D:4      | Reached skill level 5 in Conjurations
  4069 | D:5      | Entered Level 5 of the Dungeon
  4111 | D:5      | Noticed Edmund
  4121 | D:5      | Learned a level 4 spell: Brom's Barrelling Boulder
  4431 | D:5      | Found a hazy altar of Hepliaklqana.
  4441 | D:5      | Became a worshipper of Hepliaklqana the Forgotten
  4520 | D:6      | Noticed Blork the orc
  4534 | D:6      | Killed Blork the orc
  4630 | D:6      | Reached skill level 3 in Earth Magic
  4645 | D:6      | Your scales start taking on a lurid green colour.
  4645 | D:6      | Reached XP level 7. HP: 50/50 MP: 7/13
  4645 | D:6      | Gained mutation: Your system is resistant to poisons.
                  | (rPois) [Green Draconian growth]
  4868 | D:6      | Reached skill level 1 in Fighting
  4958 | D:6      | Found an ornate altar of the Wu Jian Council.
  4978 | D:6      | Reached skill level 1 in Evocations
  5016 | D:6      | Reached XP level 8. HP: 54/61 MP: 5/14
  5030 | D:6      | Noticed Pikel
  5043 | D:6      | Killed Pikel
  5044 | D:6      | Reached skill level 4 in Earth Magic
  5631 | D:7      | Found a stormy altar of Qazlal.
  5658 | D:7      | Found a staircase to the Ecumenical Temple.
  5886 | D:7      | Reached skill level 5 in Spellcasting
  6174 | D:7      | Reached XP level 9. HP: 69/70 MP: 6/16
  6300 | D:7      | Reached * piety under Hepliaklqana
  6440 | D:7      | Found a shimmering altar of Xom.
  6440 | D:7      | Found a shimmering altar of Xom.
  6664 | D:7      | Found a shimmering altar of Xom.
  6664 | D:7      | Found a shimmering altar of Xom.
  6665 | D:7      | Found a shimmering altar of Xom.
  6690 | D:7      | Found a white marble altar of Elyvilon.
  6690 | D:7      | Found a radiant altar of Vehumet.
  6698 | D:7      | Found a faded altar of an unknown god.
  6700 | D:7      | Found a faded altar of an unknown god.
  6702 | D:7      | Found a snail-covered altar of Cheibriados.
  7088 | D:8      | Reached skill level 5 in Earth Magic
  7310 | D:8      | Learned a level 3 spell: Stone Arrow
  7315 | D:8      | Learned a level 4 spell: Olgreb's Toxic Radiance
  7345 | D:8      | Reached skill level 5 in Dodging
  7387 | D:8      | Reached skill level 1 in Poison Magic
  8076 | D:9      | Reached ** piety under Hepliaklqana
  8077 | D:9      | Remembered your ancestor Appia as a knight
  8122 | D:9      | Reached XP level 10. HP: 54/70 MP: 19/19
  8186 | D:9      | Found Zakidu's Overcharged Wands.
  8207 | D:9      | Noticed Grum
  8213 | D:9      | Reached skill level 6 in Earth Magic
  8226 | D:9      | Killed Grum
  8250 | D:9      | Found Heykudghi's Weapon Shoppe.
  8279 | D:9      | Found Jepa Kim's Magic Scroll Shop.
  8325 | D:9      | Bought a scroll of identify for 26 gold pieces
  8354 | D:9      | Found Qudez's Distillery.
  8363 | D:9      | Bought a potion of curing for 33 gold pieces
  8384 | D:9      | Reached skill level 5 in Poison Magic
  8389 | D:9      | Reached skill level 7 in Earth Magic
  8652 | D:9      | Found Meekke's General Store.
  8687 | D:9      | Found a broken altar of Ashenzari.
  8901 | D:10     | Entered Level 10 of the Dungeon
  8901 | D:10     | Noticed Maggie
  8901 | D:10     | Noticed a two-headed ogre
  9108 | D:10     | Reached skill level 8 in Earth Magic
  9120 | D:10     | Learned a level 5 spell: Borgnjor's Vile Clutch
  9233 | D:10     | Reached skill level 1 in Invocations
  9241 | D:10     | Killed Maggie
  9241 | D:10     | Killed a two-headed ogre
  9242 | D:10     | Reached skill level 1 in Necromancy
  9252 | D:10     | Reached XP level 11. HP: 38/76 MP: 2/20
  9578 | D:10     | Noticed a two-headed ogre
  9586 | D:10     | Killed a two-headed ogre
  9769 | D:10     | Found a staircase to the Lair.
  9855 | D:10     | Reached *** piety under Hepliaklqana
  9942 | D:11     | Noticed a two-headed ogre
  9959 | D:11     | Killed a two-headed ogre
  9960 | D:11     | Reached skill level 5 in Fighting
  9960 | D:11     | Reached skill level 9 in Earth Magic
 10160 | D:11     | Noticed a boulder beetle
 10176 | D:11     | Killed a boulder beetle
 10187 | D:11     | Noticed a green ugly thing
 10214 | D:11     | Killed a green ugly thing
 10518 | D:11     | Noticed a boulder beetle
 10530 | D:11     | Killed a boulder beetle
 10597 | D:11     | Found a staircase to the Orcish Mines.
 10740 | D:11     | Noticed Maurice
 10759 | D:11     | Killed Maurice
 11047 | D:11     | Noticed a two-headed ogre
 11058 | D:11     | Killed a two-headed ogre
 11176 | D:12     | Reached skill level 10 in Earth Magic
 11254 | D:12     | Reached **** piety under Hepliaklqana
 11603 | D:11     | Slain by a very large slime creature

Illustrated notes

Levels and vault maps discovered:
D:1:      dpeg_arrival_another_circle, layout_basic, serial_curves,
          eino_curves_04, eino_curves_01, minivault_5
D:2:      layout_loops_ring, serial_rivers, chequers_serial_rivers_large_a,
          chequers_serial_rivers_micro_b, chequers_serial_rivers_micro_a,
          chequers_serial_rivers_small_3
D:3:      layout_basic, nicolae_ru_sacrificial_ziggurat, serial_bayou_pond_a
D:4:      layout_basic, ebering_ghost_sewer_d, minmay_fractal_squares_diagonal_5
D:5:      layout_loops_cross, nzn_overflow_gifts_of_might_and_magic,
          mainiacjoe_overflow_boulevard, grunt_temple_overflow_open,
          uniq_crazy_yiuf_cottage, uniq_edmund
D:6:      layout_basic, mainiacjoe_overflow_brackets, uniq_pikel,
          uniq_blork_the_orc
D:7:      layout_loops_corners, xom_redecorated,
          chequers_temple_overflow_minitemple, grunt_qazlal_sundering,
          minmay_temple_entry_water_ring, nrook_uturn
D:8:      layout_basic
D:9:      layout_stronghold, lemuel_crystal_altar, serial_shops, shop,
          nicolae_shop_waterfront, shop, shop, serial_column_ruins,
          column_ruins_grid_1, column_ruins_grid_1, column_ruins_open_small,
          column_ruins_grid_1, nicolae_shop_overcharged_wands, uniq_grum
D:10:     layout_rooms, due_lair_maze_entry_diamond, uniq_maggie
D:11:     layout_grid_maze, orc_0_dummy, uniq_maurice
D:12:     layout_irregular_city

Skill      XL: |  1  2  3  4  5  6  7  8  9 10 11 |
---------------+----------------------------------+-----
Dodging        | 2 3 4 5 6 7 |  7.0
Stealth        | 2 3 4 |  4.0
Earth Magic    | 1 2 3 4 5 8 10 | 10.0
Spellcasting   | 3 4 5 6 7 |  7.4
Conjurations   | 5 6 7 8 |  8.0
Fighting       | 1 3 4 5 |  5.0
Evocations     | 1 3 4 |  4.0
Poison Magic   | 3 5 6 |  6.0
Invocations    | 1 4 |  4.6
Necromancy     | 1 4 |  4.0

Action                     |  1- 3 |  4- 6 |  7- 9 | 10-12 || total
---------------------------+-------+-------+-------+-------++-------
  Melee: Unarmed           |    15 |       |       |       ||    15
         Club              |    33 |       |       |       ||    33
         Tailslap          |     7 |       |     5 |     3 ||    15
         Staff             |    29 |     2 |    25 |    39 ||    95
   Cast: Magic Dart        |    34 |       |       |       ||    34
         Sandblast         |    43 |    50 |    75 |    11 ||   179
         Searing Ray       |     1 |     4 |    11 |       ||    16
         Brom's Barrelling |       |       |    21 |    27 ||    48
         Olgreb's Toxic Ra |       |       |       |    23 ||    23
         Stone Arrow       |       |       |       |    10 ||    10
         Borgnjor's Vile C |       |       |       |     4 ||     4
 Invoke: Recall Ancestor   |       |       |     2 |     1 ||     3
         Ancestor Life: Kn |       |       |     1 |       ||     1
Ability: Breathe Noxious F |       |       |     6 |       ||     6
  Evoke: Wand              |       |       |       |     1 ||     1
    Use: Scroll            |     9 |     5 |       |     6 ||    20
         Potion            |     1 |       |       |     1 ||     2
   Stab: Sleeping          |       |       |     2 |       ||     2
 Armour: Skin              |    72 |    35 |    69 |    85 ||   261
  Dodge: Dodged            |    77 |    37 |    66 |    81 ||   261

Table legend: (Time is in decaauts)
 A = Elapsed time spent in this place.
 B = Non-inter-level travel time spent in this place.
 C = Inter-level travel time spent in this place.
 D = Time resting spent in this place.
 E = Time spent auto-exploring this place.
 F = Levels seen in this place.
 G = Mean time per level.
                   A        B        C        D        E       F      G
               +--------+--------+--------+--------+--------+-----+--------+
         Total |  11745 |  11245 |    500 |   2805 |   6145 |  12 |  978.8 |
       Dungeon |  11745 |  11245 |    500 |   2805 |   6145 |  12 |  978.8 |
               +--------+--------+--------+--------+--------+-----+--------+

Top non-repeatable levels by time:
     D:4: 1615 daAuts
     D:7: 1361 daAuts
     D:1: 1224 daAuts
    D:11: 1201 daAuts
     D:9: 1145 daAuts
     D:6: 1114 daAuts
     D:8: 1068 daAuts
     D:2: 846 daAuts
    D:10: 792 daAuts
     D:3: 598 daAuts
    D:12: 471 daAuts
     D:5: 306 daAuts
